 Dungeon Crawl Stone Soup version 0.20-a0-490-g2d938b1 (webtiles) character file.

439 MackTheKnife the Chopper (level 7, 0/56 HPs)
             Began as a Barachian Fighter on Jan 15, 2017.
             Slain by a worker ant (5 damage)
             ... on level 4 of the Dungeon.
             The game lasted 00:05:39 (3681 turns).

MackTheKnife the Chopper (Barachian Fighter)        Turns: 3681, Time: 00:05:39

Health: 0/56       AC:  6    Str: 15    XL:     7   Next: 1%
Magic:  7/7        EV:  9    Int:  6    God:
Gold:   146        SH:  0    Dex: 12    Spells: 6/6 levels left

rFire    . . .     SeeInvis .   a - +0 war axe
rCold    . . .     Gourm    .   b - +0 scale mail
rNeg     . . .     Faith    .   (no shield)
rPois    .         Spirit   .   (no helmet)
rElec    .         Reflect  .   (no cloak)
rCorr    .         Harm     .   (no gloves)
MR       .....                  (no boots)
Stlth    ..........             l - amulet of rage {+Rage, !d}
Regen    0.1/turn               (no ring)
                                (no ring)

@: lethally poisoned (0 -> -11), slow
A: swims, slowness 1, strong legs 1
a: Hop, Evoke Berserk Rage


You were on level 4 of the Dungeon.
You were hungry.

You visited 1 branch of the dungeon, and saw 4 of its levels.

You collected 146 gold pieces.

Inventory:

Hand Weapons
 a - a +0 war axe (weapon)
Missiles
 j - 2 poisoned tomahawks (quivered)
Armour
 b - a +0 scale mail (worn)
 c - a +0 shield
Jewellery
 l - an amulet of rage (around neck) {+Rage, !d}
   (You found it on level 2 of the Dungeon)
Scrolls
 e - a scroll of remove curse
 i - 2 scrolls of amnesia {unknown}
 k - a scroll of teleportation
 m - a scroll of fear {unknown}
 p - a scroll of enchant weapon {unknown}
 t - a scroll of enchant armour {unknown}
 u - a scroll of identify {unknown}
Potions
 d - a potion of might
 h - a potion of curing {unknown}
 r - a potion of agility {unknown}
 s - a potion of brilliance {unknown}
Comestibles
 f - 3 bread rations {@e1}
 g - a royal jelly
 o - 2 beef jerkies
 q - 2 meat rations {@e2}


   Skills:
 + Level 5.5 Fighting
 + Level 6.0 Axes
 - Level 3.2 Armour
 - Level 3.0 Shields


You had 6 spell levels left.
You didn't know any spells.

Dungeon Overview and Level Annotations

Branches:
Dungeon (4/15)
 Temple: D:4-7

Altars:


Innate Abilities, Weirdness & Mutations

You can swim through water.
You cover ground slowly.
You can hop short distances.


Message History

You barely miss the orc wizard. You closely miss the howler monkey.
The orc wizard hits you but does no damage.
The howler monkey hits you.
The orc wizard hits you but does no damage.
You take 4 damage, and have 43/51 hp.
You hit the orc wizard. You closely miss the howler monkey.
The howler monkey barely misses you.
The orc wizard hits you but does no damage.
The howler monkey hoots and howls with incredible vigour!
You hear an angry hiss.
You barely miss the orc wizard. You barely miss the howler monkey.
The orc wizard barely misses you.
The orc wizard hits you but does no damage.
The howler monkey hits you.
You take 1 damage, and have 43/51 hp.
You closely miss the orc wizard. You slash the howler monkey!
The orc wizard hits you but does no damage.
The howler monkey closely misses you. The orc wizard closely misses you.
The howler monkey hits you.
You take 6 damage, and have 37/51 hp.
You closely miss the orc wizard. You closely miss the howler monkey.
The orc wizard closely misses you.
The howler monkey completely misses you.
The orc wizard closely misses you.
You hit the orc wizard. You closely miss the howler monkey.
The orc wizard barely misses you.
The howler monkey hoots and howls with incredible vigour!
The orc wizard hits you with a dagger.
You hit the orc wizard.
You hit the howler monkey but do no damage.
The howler monkey barely misses you.
The orc wizard hits you but does no damage.
The howler monkey barely misses you.
A worker ant comes into view.
You hit the orc wizard. You slash the howler monkey!
The orc wizard hits you but does no damage.
The howler monkey hits you.
The orc wizard hits you but does no damage.
You take 2 damage, and have 35/51 hp.
You closely miss the orc wizard. You hit the howler monkey.
The orc wizard hits you but does no damage.
The howler monkey hits you. The orc wizard casts a spell at you.
The puff of flame hits you!
The worker ant waves its antennae.
The howler monkey hits you.
You take 12 damage, and have 23/51 hp.
MASSIVE DAMAGE!!
You hit the orc wizard. You hit the howler monkey.
The orc wizard closely misses you.
The howler monkey hoots and howls with incredible vigour!
The orc wizard hits you but does no damage.
You hit the orc wizard.
You kill the orc wizard!
You hit the howler monkey.
You kill the howler monkey!
Your Axes skill increases to level 6!
You have reached level 7!
The worker ant bites you.
You take 3 damage, and have 20/56 hp.
MP restored: 7 You hit the worker ant.
The worker ant misses you.
You closely miss the worker ant. The worker ant bites you.
You take 1 damage, and have 19/56 hp.
You hit the worker ant. The worker ant bites you.
The worker ant bites you but does no damage.
You take 1 damage, and have 18/56 hp.
You hit the worker ant but do no damage.
The worker ant bites you but does no damage.
You hit the worker ant. The worker ant barely misses you.
The worker ant completely misses you.
You closely miss the worker ant. The worker ant closely misses you.
You barely miss the worker ant.
The worker ant bites you but does no damage. x2
Unknown command.
You hit the worker ant. The worker ant closely misses you.
Your scale mail prevents you from hitting the worker ant.
The worker ant bites you.
* * * LOW HITPOINT WARNING * * *
You are poisoned.
The worker ant poisons you! The worker ant bites you.
* * * LOW HITPOINT WARNING * * *
You are more poisoned.
The worker ant poisons you!
You take 7 damage, and have 12/56 hp.
You barely miss the worker ant.
You feel sick. The worker ant bites you.
* * * LOW HITPOINT WARNING * * *
You are lethally poisoned!
The worker ant poisons you!
You take 4 damage, and have 8/56 hp.
You hit the worker ant but do no damage.
* * * LOW HITPOINT WARNING * * *
You feel sick. The worker ant closely misses you.
You take 1 damage, and have 7/56 hp.
You completely miss the worker ant.
* * * LOW HITPOINT WARNING * * *
You feel sick.
The worker ant bites you but does no damage.
The worker ant bites you.
You die...

# #.#.# #. #.#.. #..
#.#.######
#..##.#.#.....
........... .......
...#..##a#.####.#.#
#..#.....@†.)......
...).###.#)##.#.#..
#..# #.#.# # #..#
#.#.# #. #..# #.#.#
....###..# #.#.##
.......<.#####....#
.≈..###)[##...##..#
.....................


You could see a worker ant.

Vanquished Creatures
  An ogre (D:4)
  A howler monkey (D:4)
  4 orc wizards
  A worker ant (D:3)
  7 adders
  2 oozes (D:2)
  A worm (D:3)
  11 leopard geckos
  9 orcs
  7 bats
  2 giant cockroaches
  7 goblins
  9 hobgoblins
  8 jackals
  6 kobolds
  3 quokkas
  A ball python (D:3)
  7 frilled lizards
  5 rats
92 creatures vanquished.

Notes
Turn   | Place    | Note
-------+----------+-------------------------------------------
     0 | D:1      | MackTheKnife the Barachian Fighter began the quest for the Orb.
     0 | D:1      | Reached XP level 1. HP: 18/18 MP: 1/1
   263 | D:1      | Reached XP level 2. HP: 18/24 MP: 2/2
   440 | D:1      | Reached skill level 3 in Axes
   694 | D:1      | Reached XP level 3. HP: 27/29 MP: 3/3
  1305 | D:2      | Reached skill level 4 in Axes
  1322 | D:2      | Reached XP level 4. HP: 34/35 MP: 4/4
  2061 | D:3      | Reached skill level 4 in Fighting
  2061 | D:3      | Reached XP level 5. HP: 36/42 MP: 5/5
  2689 | D:3      | Reached skill level 5 in Axes
  2701 | D:3      | HP: 8/43 [orc wizard/puff of frost (9)]
  2705 | D:3      | HP: 3/43 [something (1)]
  2712 | D:3      | HP: 2/43 [something/magic dart (1)]
  2715 | D:3      | Reached XP level 6. HP: 1/49 MP: 6/6
  3337 | D:4      | HP: 12/49 [poisoned by an orc]
  3339 | D:4      | Reached skill level 5 in Fighting
  3343 | D:4      | HP: 8/51 [poisoned by an orc]
  3343 | D:4      | HP: 3/51 [orc/enchanted flail (5)]
  3346 | D:4      | HP: 1/51 [poisoned by an orc]
  3364 | D:4      | HP: 19/76 [poisoned by an orc]
  3669 | D:4      | Reached skill level 6 in Axes
  3669 | D:4      | Reached XP level 7. HP: 26/56 MP: 7/7
  3678 | D:4      | HP: 14/56 [worker ant (5)]
  3681 | D:4      | HP: 5/56 [poisoned by a worker ant]
  3681 | D:4      | Slain by a worker ant

Vault maps used:
D:1:      evilmike_arrival_crescent
D:2:      roderic_serpentine_path
D:4:      serial_shops, nicolae_shop_crystal, corexii_hall_statues_s,
          nicolae_elemental_shop

Skill      XL: |  1  2  3  4  5  6 |
---------------+-------------------+-----
Axes           | 3 4 5 6 |  6.0
Fighting       | 4 5 |  5.5
Armour         | |  3.2
Shields        | |  3.0

Action                   |  1- 3 |  4- 6 |  7- 9 || total
-------------------------+-------+-------+-------++-------
Melee: War axe           |   140 |   234 |    12 ||   386
  Use: Scroll            |     1 |     1 |       ||     2
       Potion            |       |     3 |       ||     3
  Eat: Chunk             |     2 |     8 |       ||    10
Armor: Scale mail        |    71 |   103 |     5 ||   179
       Skin              |       |     4 |       ||     4
Dodge: Dodged            |    42 |    87 |     6 ||   135
Block: Shield            |    68 |    87 |       ||   155

Vault maps used:
D:1:      evilmike_arrival_crescent
D:2:      roderic_serpentine_path
D:4:      serial_shops, nicolae_shop_crystal, corexii_hall_statues_s,
          nicolae_elemental_shop

Table legend:
 A = Turns spent in this place as a percentage of turns spent in the entire game.
 B = Non-inter-level travel turns spent in this place as a percentage of non-inter-level travel turns spent in the entire game.
 C = Inter-level travel turns spent in this place as a percentage of turns spent in this place.
 D = Turns resting spent in this place as a percentage of non-inter-level travel turns spent in this place.
 E = Turns spent auto-exploring this place as a percentage of non-inter-level travel turns spent in this place.
 F = Non-inter-level travel turns spent in this place divided by the number of levels of this place that you've seen.
                   A       B       C       D       E      F
               +-------+-------+-------+-------+-------+----------------------
         Total | 100.0 | 100.0 |   0.4 |   3.4 |  10.4 | 245.2
       Dungeon | 100.0 | 100.0 |   0.4 |   3.4 |  10.4 | 245.2
               +-------+-------+-------+-------+-------+----------------------

Table legend:
 A = Kills in this place as a percentage of kills in entire the game.
 B = Kills by you in this place as a percentage of kills by you in the entire game.
 C = Kills by friends in this place as a percentage of kills by friends in the entire game.
 D = Other kills in this place as a percentage of other kills in the entire game.
 E = Experience gained in this place as a percentage of experience gained in the entire game.
 F = Experience gained in this place divided by the number of levels of this place that you have seen.
                   A       B       C       D       E      F
               +-------+-------+-------+-------+-------+----------------------
         Total | 100.0 | 100.0 |  -nan |  -nan | 100.0 | 157.0
       Dungeon | 100.0 | 100.0 |  -nan |  -nan | 100.0 | 157.0
               +-------+-------+-------+-------+-------+----------------------
